 Dungeon Crawl Stone Soup version 0.21.1-1-g345015fe64 (webtiles) character file.

69 Ivernyr the Charmwright (level 4, 33/33 HPs)
             Began as a Demonspawn Skald on May 30, 2018.
             Quit the game on level 3 of the Dungeon.
             The game lasted 00:04:37 (2004 turns).

Ivernyr the Charmwright (Demonspawn Skald)          Turns: 2004, Time: 00:04:37

Health: 33/33      AC:  6    Str: 11    XL:     4   Next: 2%
Magic:  4/7        EV: 12    Int: 15    God:
Gold:   73         SH:  0    Dex: 13    Spells: 2/7 levels left

rFire    . . .     SeeInvis .   a - +0 falchion
rCold    . . .     Gourm    .   (no shield)
rNeg     . . .     Faith    .   b - +0 leather armour
rPois    .         Spirit   .   (helmet restricted)
rElec    .         Reflect  .   (no cloak)
rCorr    .         Harm     .   (no gloves)
MR       .....                  i - +0 pair of boots
Stlth    ++........             (no amulet)
HPRegen  0.11/turn              (no ring)
MPRegen  0.10/turn              (no ring)

@: shrouded
A: horns 1, icy blue scales 1, nightstalker 1
a: no special abilities


You were on level 3 of the Dungeon.
You were hungry.

You visited 1 branch of the dungeon, and saw 3 of its levels.

You collected 73 gold pieces.

Inventory:

Hand Weapons
 a - a +0 falchion (weapon)
Armour
 b - a +0 leather armour (worn)
 i - a +0 pair of boots (worn)
Scrolls
 e - 2 scrolls of blinking {unknown}
 g - 6 scrolls of remove curse {unknown}
 j - 3 scrolls of teleportation {unknown}
 l - a scroll of enchant armour {unknown}
 m - a scroll of identify {unknown}
 n - a scroll of amnesia {unknown}
Potions
 f - a potion of curing {unknown}
 h - a potion of brilliance {unknown}
 k - a potion of might {unknown}
 o - a potion of lignification {unknown}
Books
 c - a book of Battle

   Spells                             Type                      Level
   a - Infusion                       Charms                       1
   b - Shroud of Golubria             Charms/Translocation         2
   c - Song of Slaying                Charms                       2
   d - Spectral Weapon                Hexes/Charms                 3
   e - Regeneration                   Charms/Necromancy            3
Comestibles
 d - 2 rations


   Skills:
 - Level 2.0 Fighting
 + Level 2.4 Long Blades
 + Level 1.8 Armour
 - Level 1.7 Dodging
 - Level 2.0 Spellcasting
 * Level 3.7 Charms


You had 2 spell levels left.
You knew the following spells:

 Your Spells              Type           Power        Failure   Level  Hunger
a - Shroud of Golubria    Chrm/Tloc      #.........   21%         2    ###....
b - Song of Slaying       Chrm           ##......     10%         2    ###....
c - Infusion              Chrm           ##..         6%          1    #......


Dungeon Overview and Level Annotations

Branches:
Dungeon (3/15)

Altars:


Innate Abilities, Weirdness & Mutations

You have a pair of small horns on your head.
You are partially covered in icy blue scales. (AC +2)
You are slightly more attuned to the shadows.


Message History

The adder hisses angrily.
Casting: Shroud of Golubria
Confirm with . or Enter, or press ? or * to list all spells.
Space distorts slightly along a thin shroud covering your body.
You hit the adder.
The adder is moderately wounded.
The adder bites you but does no damage.
You closely miss the adder.
The adder is moderately wounded.
Your shroud bends the adder's attack away.
The adder bites you but does no damage.
You hit the adder.
The adder is severely wounded.
The adder misses you.
You hit the adder.
You kill the adder!
You have reached level 4!
You feel clever.
Your demonic ancestry asserts itself...
You slip into the darkness of the dungeon.
Are you sure you want to abandon this character and quit the game? (Confirm with "yes".)

.........##.##.#
#...####(##.# .
#.##[# #.##.#
#.##.# #.##.#
#.##.#
.#####.##.#
......=†@.#
.......####
.?#####


There were no monsters in sight!

Vanquished Creatures
  2 adders
  An ooze (D:1)
  A worm (D:2)
  A dart slug (D:1)
  2 leopard geckos
  5 goblins
  5 hobgoblins
  3 jackals (D:2)
  7 kobolds
  6 bats
  2 frilled lizards
  4 rats
39 creatures vanquished.

Notes
Turn   | Place    | Note
-------+----------+-------------------------------------------
     0 | D:1      | Ivernyr the Demonspawn Skald began the quest for the Orb.
     0 | D:1      | Reached XP level 1. HP: 16/16 MP: 3/3
    25 | D:1      | Reached skill level 1 in Armour
   356 | D:1      | Reached skill level 3 in Charms
   356 | D:1      | Gained mutation: You have a pair of small horns on your head. [demonic ancestry]
   356 | D:1      | Reached XP level 2. HP: 19/22 MP: 5/5
  1053 | D:2      | Gained mutation: You are partially covered in icy blue scales. (AC +2) [demonic ancestry]
  1053 | D:2      | Reached XP level 3. HP: 22/27 MP: 6/6
  1117 | D:2      | Learned a level 2 spell: Song of Slaying
  1120 | D:2      | Learned a level 2 spell: Shroud of Golubria
  2003 | D:3      | Gained mutation: You are slightly more attuned to the shadows. [demonic ancestry]
  2003 | D:3      | Reached XP level 4. HP: 33/33 MP: 4/7
  2004 | D:3      | Quit the game

Skill      XL: |  1 |
---------------+----+-----
Armour         | 1 |  1.8
Long Blades    | 2 |  2.4
Charms         | 3 |  3.7
Fighting       | |  2.0
Dodging        | |  1.7
Spellcasting   | |  2.0

Action                   |  1- 3 |  4- 6 || total
-------------------------+-------+-------++-------
Melee: Falchion          |   112 |       ||   112
       Headbutt          |    11 |       ||    11
 Cast: Shroud of Golubri |     3 |       ||     3
  Eat: Chunk             |     3 |       ||     3
Armor: Leather armour    |    30 |       ||    30
Dodge: Dodged            |    87 |       ||    87
       Rpst.: Falchion   |    28 |       ||    28
